 Dungeon Crawl Stone Soup version 0.21.1-1-g345015fe64 (webtiles) character file.

572 3rdEnemy the Shooter (level 7, 0/57 HPs)
             Began as a Centaur Arcane Marksman on July 11, 2018.
             Was an Initiate of Okawaru.
             Slain by an orc wizard
             ... wielding a +0 dagger
              (2 damage)
             ... on level 4 of the Dungeon.
             The game lasted 00:53:40 (5051 turns).

3rdEnemy the Shooter (Centaur Arcane Marksman)      Turns: 5051, Time: 00:53:40

Health: 0/57       AC:  7    Str:  9 (12) XL:     7   Next: 12%
Magic:  8/8        EV:  1    Int: 11 (12) God:    Okawaru [......]
Gold:   108        SH:  0    Dex:  0 (12) Spells: 5/8 levels left

rFire    . . .     SeeInvis .   b - +0 short sword
rCold    . . .     Gourm    .   (no shield)
rNeg     . . .     Faith    .   w - +0 robe
rPois    .         Spirit   .   l - +1 helmet
rElec    .         Reflect  .   (no cloak)
rCorr    .         Harm     .   q - +0 pair of gloves
MR       .....                  (no barding)
Stlth    ..........             (no amulet)
HPRegen  0.19/turn              (no ring)
MPRegen  0.11/turn              (no ring)

@: slowed, lost dexterity
A: large, hooves 3, deformed body, speed 2, tough skin 3
a: Renounce Religion


You were on level 4 of the Dungeon.
You worshipped Okawaru.
Okawaru was noncommittal.
You were not hungry.

You visited 2 branches of the dungeon, and saw 5 of its levels.

You collected 108 gold pieces.

Inventory:

Hand Weapons
 a - a +1 shortbow
 b - a +0 short sword (weapon)
Armour
 l - a +1 helmet (worn)
 q - a +0 pair of gloves (worn)
 w - a +0 robe (worn)
Scrolls
 f - 3 scrolls of remove curse
 g - a scroll of enchant weapon
 h - 2 scrolls of teleportation
 i - 2 scrolls of amnesia
 k - 2 scrolls of identify
 s - a scroll of enchant armour
Potions
 e - 3 potions of curing
 m - a potion of haste
Books
 c - a book of Debilitation

   Spells                             Type                      Level
   a - Corona                         Hexes                        1
   b - Slow                           Hexes                        2
   c - Inner Flame                    Hexes/Fire                   3
   d - Portal Projectile              Hexes/Translocation          3
   e - Cause Fear                     Hexes                        4
   f - Leda's Liquefaction            Hexes/Earth                  4
Comestibles
 j - 3 chunks of flesh


   Skills:
 + Level 3.1 Fighting
 * Level 6.5 Bows
 + Level 2.7 Dodging
 - Level 1.0 Spellcasting
 * Level 4.6 Hexes


You had 5 spell levels left.
You knew the following spells:

 Your Spells              Type           Power        Failure   Level  Hunger
a - Corona                Hex            ##.....      4%          1    ##.....
b - Slow                  Hex            ##......     7%          2    ###....


Dungeon Overview and Level Annotations

Branches:
Dungeon (4/15)             Temple (1/1) D:4

Altars:
Cheibriados
Elyvilon
Gozag
Hepliaklqana
Kikubaaqudgha
Nemelex Xobeh
Okawaru
Qazlal
Ru
Sif Muna
Vehumet
Xom
Zin


Innate Abilities, Weirdness & Mutations

You have hooves in place of feet.
Armour fits poorly on your strangely shaped body.
You cover ground very quickly.
You have extremely tough skin. (AC +3)


Message History

You barely miss the orc wizard.
The orc wizard is heavily wounded.
The orc wizard completely misses you.
The orc wizard hits you but does no damage.
You hit the orc wizard but do no damage.
The orc wizard is heavily wounded.
The orc wizard casts a spell at you. The magic dart hits you!
* * * LOW HITPOINT WARNING * * *
You closely miss the orc wizard.
The orc wizard is heavily wounded.
You feel yourself speed up. The orc wizard hits you with a dagger.
* * * LOW HITPOINT WARNING * * *
The orc wizard mumbles some strange words.
The orc wizard blinks!
The orc wizard mumbles some strange words.
The orc wizard seems to speed up.
The orc wizard hits you with a dagger.
You die...

#.... .. #.... .
#...(.##. #.....#)## #
#.....().##.#
........)...# #
##.#.#...#### # #.
.#.##.....######.# #
#.#.##......o@(..>.....#
# ..
..###.#####..######## #
####.#..### ##.## #
..... ... #...# #####
... #.# #...# #.... #
#.##.### #...# #.### #.
##.....# #...# #.#
##.#.##.#.# #...# #.###
......#.#.### #...#
#....


You could see an orc wizard.

Vanquished Creatures
  Sigmund (D:3)
  A phantom (D:4)
  The ghost of patthesweetcat the Firebug, an amateur OpFE (D:3)
  A quasit (D:4)
  An iguana (D:4)
  2 worker ants
  A hound skeleton (D:4)
  7 adders
  4 worms
  A dart slug (D:1)
  3 leopard geckos
  5 orcs
  2 ball pythons (D:1)
  9 bats
  A giant cockroach (D:2)
  2 hobgoblins
  3 jackals (D:2)
  8 kobolds
  2 quokkas
  7 frilled lizards
  6 goblins
  A jackal skeleton (D:4)
  A quokka skeleton (D:4)
  2 rats
72 creatures vanquished.

Notes
Turn   | Place    | Note
-------+----------+-------------------------------------------
     0 | D:1      | 3rdEnemy the Centaur Arcane Marksman began the quest for the Orb.
     0 | D:1      | Reached XP level 1. HP: 16/16 MP: 2/2
   220 | D:1      | Reached skill level 3 in Bows
   260 | D:1      | Reached XP level 2. HP: 19/23 MP: 3/3
   830 | D:2      | Reached XP level 3. HP: 17/28 MP: 4/4
  1580 | D:2      | Reached skill level 4 in Bows
  1943 | D:2      | Reached XP level 4. HP: 26/36 MP: 2/5
  2458 | D:3      | Learned a level 2 spell: Slow
  2532 | D:3      | Noticed patthesweetcat's ghost (amateur OpFE)
  2558 | D:3      | Killed patthesweetcat's ghost
  2558 | D:3      | Reached skill level 5 in Bows
  2558 | D:3      | Reached XP level 5. HP: 19/42 MP: 1/6
  3067 | D:3      | Noticed Sigmund
  3155 | D:3      | Killed Sigmund
  3155 | D:3      | Reached XP level 6. HP: 9/50 MP: 7/7
  3700 | D:4      | Learned a level 2 spell: Slow
  3765 | D:4      | Found a staircase to the Ecumenical Temple.
  3770 | Temple   | Entered the Ecumenical Temple
  4094 | Temple   | Became a worshipper of Warmaster Okawaru
  4206 | D:4      | Reached skill level 6 in Bows
  4851 | D:4      | Lost dexterity.
  4855 | D:4      | Reached XP level 7. HP: 52/57 MP: 2/8
  5049 | D:4      | HP: 2/57 [orc wizard/dagger (3)]
  5051 | D:4      | Slain by an orc wizard

Skill      XL: |  1  2  3  4  5  6 |
---------------+-------------------+-----
Bows           | 3 4 5 6 |  6.5
Hexes          | 3 4 |  4.6
Fighting       | 2 3 |  3.1
Dodging        | 2 |  2.7
Spellcasting   | |  1.0

Action                   |  1- 3 |  4- 6 |  7- 9 || total
-------------------------+-------+-------+-------++-------
Melee: Short sword       |    91 |       |     7 ||    98
       Kick              |    14 |       |       ||    14
 Fire: Shortbow          |    40 |   178 |    17 ||   235
 Cast: Corona            |    22 |    16 |       ||    38
       Slow              |       |    20 |       ||    20
  Use: Scroll            |       |     7 |       ||     7
       Potion            |       |     6 |       ||     6
  Eat: Ration            |     1 |     2 |       ||     3
       Chunk             |       |     4 |       ||     4
Armor: Robe              |    54 |    82 |     9 ||   145
Dodge: Dodged            |    69 |    79 |     3 ||   151
